 Dungeon Crawl Stone Soup version 0.24.1-11-gbbbb2193e6 (webtiles) character file.

Game seed: 7671157508127785153, levelgen mode: deterministic

303 Peloso the Slasher (level 6, 36/48 HPs)
             Began as a Demonspawn Fighter on May 14, 2020.
             Got out of the dungeon alive.
             The game lasted 00:06:24 (2728 turns).

Peloso the Slasher (Demonspawn Fighter)             Turns: 2728, Time: 00:06:25

Health: 36/48      AC: 13    Str: 18    XL:     6   Next: 15%
Magic:  6/6        EV:  9    Int:  9    God:
Gold:   181        SH:  9    Dex: 13    Spells: 5/5 levels left

rFire    + . .     SeeInvis .   a - +0 long sword
rCold    . . .     Gourm    .   c - +0 shield
rNeg     . . .     Faith    .   b - +0 scale mail
rPois    .         Spirit   .   (helmet restricted)
rElec    .         Reflect  .   o - +2 cloak
rCorr    .         Harm     .   i - +2 pair of gloves
MR       .....                  (no boots)
Stlth    ..........             (no amulet)
HPRegen  0.16/turn              n - ring of protection from fire
MPRegen  0.10/turn              (no ring)

@: no status effects
A: horns 1, repulsion field 1, spiny 2, rot immunity
a: no special abilities


You escaped.
You were very hungry.

You visited 1 branch of the dungeon, and saw 4 of its levels.

You collected 181 gold pieces.

Inventory:

Hand Weapons
 a - a +0 long sword (weapon)
Armour
 b - a +0 scale mail (worn)
 c - a +0 shield (worn)
 i - a +2 pair of gloves (worn)
 l - a +0 cloak
 o - a +2 cloak (worn)
Jewellery
 n - a ring of protection from fire (left hand)
Scrolls
 e - a scroll of enchant armour {unknown}
 g - a scroll of blinking {unknown}
 h - 3 scrolls of teleportation {unknown}
 j - 6 scrolls of identify {unknown}
 k - 3 scrolls of remove curse {unknown}
 p - a scroll of fear {unknown}
Potions
 d - a potion of might
Comestibles
 f - 7 rations


   Skills:
 + Level 3.8 Fighting
 + Level 4.0 Long Blades
 + Level 3.8 Armour
 + Level 1.1 Dodging
 + Level 0.3 Stealth
 + Level 3.2 Shields


You had 5 spell levels left.
You didn't know any spells.
Your spell library was empty.

Dungeon Overview and Level Annotations

Branches:
Dungeon (4/15)
 Temple: D:4-7

Altars:
Elyvilon
Qazlal


Innate Abilities, Weirdness & Mutations

You have a pair of small horns on your head.
You are surrounded by a mild repulsion field. (EV +2)
You are mostly covered in sharp spines.
You are immune to rotting.


Message History

There is a stone staircase leading down here.
You see here 25 stones.
There is a stone staircase leading up here.
You climb upwards.
There is a stone staircase leading down here.
There is an open door here.
There is an open door here.
You see here 16 stones.
You see here 2 stones.
There is an open door here.
You see here a stone.
You see here 6 stones.
There is a staircase leading out of the dungeon here.
Are you sure you want to leave the Dungeon?
This will make you lose the game!
Alright, then stay!
You see here a stone.
Unknown command.
There is a staircase leading out of the dungeon here.
Are you sure you want to leave the Dungeon?
This will make you lose the game!
You have escaped!

...###..#####§§§≈≈≈≈#####..##..#.
..###.### #≈≈≈.....§≈≈# ###.##...
[.##.## #..)........# ##.##.#
..##.# ######'###### #.##..
..##.##### ###8'8#8### #####.##.#
..#.##...###.(.......###..≈##.#.#
###(#....##....(......##..≈≈#.#.#
#.#....#............##...≈#(#.#
#.(....(......@.....8'...≈'(.(#
###.#(...#............'#...≈#.#.#
..#.#(([.##...........##..≈§#.#.#
#.#.##...###....)....###..§##.#)#
..##.##### ####8'8#### ######.#.#
####.# ######'###### #.##.# #.##
#.........[.# ##.##.# ##.###
#≈≈§....§≈≈≈# ###.##..#
##..#####§≈≈≈≈≈≈#####..##..##


There were no monsters in sight!

Vanquished Creatures
  An iguana (D:4)
  A worker ant (D:4)
  3 orc wizards
  6 adders
  An ooze (D:2)
  2 worms (D:2)
  3 dart slugs (D:2)
  2 leopard geckos
  11 orcs
  A ball python (D:3)
  4 bats
  7 giant cockroaches
  7 goblins
  15 hobgoblins
  3 jackals (D:2)
  12 kobolds
  A quokka (D:3)
  4 frilled lizards
  7 rats
91 creatures vanquished.

Notes
Turn   | Place    | Note
-------+----------+-------------------------------------------
     0 | D:1      | Peloso the Demonspawn Fighter began the quest for the Orb.
     0 | D:1      | Reached XP level 1. HP: 18/18 MP: 1/1
   488 | D:1      | Gained mutation: You are immune to rotting. [demonic
                  | ancestry]
   488 | D:1      | Reached XP level 2. HP: 24/24 MP: 2/2
   588 | D:1      | Reached skill level 2 in Long Blades
   967 | D:2      | Gained mutation: You are surrounded by a mild repulsion
                  | field. (EV +2) [demonic ancestry]
   967 | D:2      | Reached XP level 3. HP: 23/29 MP: 3/3
  1285 | D:2      | Gained mutation: You are partially covered in sharp spines.
                  | [demonic ancestry]
  1285 | D:2      | Reached XP level 4. HP: 30/36 MP: 4/4
  1633 | D:2      | Reached skill level 3 in Long Blades
  1799 | D:3      | Gained mutation: You are mostly covered in sharp spines.
                  | [demonic ancestry]
  1799 | D:3      | Reached XP level 5. HP: 17/42 MP: 5/5
  1834 | D:3      | Found a stormy altar of Qazlal.
  2340 | D:3      | Found a white marble altar of Elyvilon.
  2515 | D:4      | Reached skill level 4 in Long Blades
  2610 | D:4      | Gained mutation: You have a pair of small horns on your
                  | head. [demonic ancestry]
  2610 | D:4      | Reached XP level 6. HP: 32/48 MP: 6/6
  2614 | D:4      | Reached skill level 1 in Dodging
  2728 | D:$      | Got out of the dungeon alive.

Levels and vault maps discovered:
D:1:      dpeg_arrival_morbid_curiosity, layout_basic
D:2:      layout_loops_ring, minmay_misc_feat_ornament, minmay_vboxes
D:3:      layout_basic, grunt_qazlal_clouds, first_ration, elyvilon_altar_5
D:4:      layout_gridville, gammafunk_ghost_grave

Skill      XL: |  1  2  3  4  5  6 |
---------------+-------------------+-----
Armour         | 3 |  3.8
Long Blades    | 2 3 4 |  4.0
Shields        | 3 |  3.2
Dodging        | 1 |  1.1
Fighting       | |  3.8
Stealth        | |  0.3

Action                   |  1- 3 |  4- 6 || total
-------------------------+-------+-------++-------
Melee: Long sword        |   132 |   118 ||   250
       Headbutt          |       |     2 ||     2
  Use: Potion            |     1 |     1 ||     2
  Eat: Chunk             |     1 |     4 ||     5
Armor: Scale mail        |    63 |    40 ||   103
Dodge: Dodged            |    43 |    41 ||    84
Block: Shield            |    84 |    55 ||   139
       Rpst.: Long sword |    13 |    17 ||    30
